 Dungeon Crawl Stone Soup version 0.30-a0-1163-gf69bf04 (webtiles) character file.

Game seed: 8883457351172471607

594 PublicAnimeNo1 the Stinger (level 7, -4/57 HPs)
             Began as a White Draconian Venom Mage on Apr 28, 2023.
             Was an Initiate of Kikubaaqudgha.
             Killed by nerve-wracking pain
             ... invoked by Menkaure
              (12 damage)
             ... on level 5 of the Dungeon.
             The game lasted 00:20:46 (5035 turns).

PublicAnimeNo1 the Stinger (DrVM)                   Turns: 5035, Time: 00:20:47

Health: -4/57      AC:  9    Str: 11    XL:     7   Next: 16%
Magic:  12/12      EV: 12    Int: 17    God:    Kikubaaqudgha [......]
Gold:   169        SH:  0    Dex: 11    Spells: 4/13 levels left

rFire   . . .        a - staff of poison
rCold   + . .        (no shield)
rNeg    . . .        (body armour unavailable)
rPois   +            u - +1 hat
rElec   .            o - +0 cloak
rCorr   .            (no gloves)
SInv    .            d - +0 pair of boots
Will    .....        (no amulet)
Stlth   ++           (no ring)
HPRegen 0.29/turn    (no ring)
MPRegen 0.13/turn

%: no passive effects
@: no status effects
A: breathe frost, AC +6, unfitting armour, cold resistance 1, cold-blooded
a: Breathe Frost, Renounce Religion


You were on level 5 of the Dungeon.
You worshipped Kikubaaqudgha.
Kikubaaqudgha was noncommittal.
You visited 2 branches of the dungeon, and saw 6 of its levels.

You collected 169 gold pieces.

Inventory:

Hand Weapons
 b - a +1 dagger of electrocution
Armour
 d - a +0 pair of boots (worn)
 o - a +0 cloak (worn)
 u - a +1 hat (worn)
Magical Staves
 a - a staff of poison (weapon)
Jewellery
 p - a ring of ice
 t - a ring of fire
Scrolls
 f - a scroll of magic mapping
 i - 3 scrolls of teleportation
 l - 2 scrolls of blinking
 r - a scroll of identify
 v - a scroll of brand weapon {unknown}
 w - a scroll of poison
Potions
 c - a potion of flight
 e - a potion of cancellation {unknown}
 g - a potion of ambrosia {unknown}
 h - 2 potions of haste
 j - 2 potions of attraction
 k - a potion of invisibility
 m - 2 potions of curing {unknown}
 n - a potion of lignification {unknown}
 q - 2 potions of heal wounds {unknown}
 s - a potion of magic


   Skills:
 - Level 3.2 Fighting
 - Level 1.7 Dodging
 - Level 2.4 Stealth
 + Level 3.7 Spellcasting
 - Level 1.0 Translocations
 - Level 1.0 Transmutations
 + Level 2.6 Air Magic
 + Level 4.9 Poison Magic
 + Level 2.1 Evocations


You had 4 spell levels left.
You knew the following spells:

 Your Spells              Type           Power      Damage    Failure   Level
a - Sting                 Tmut/Pois      80%        1d7       4%          1
b - Poisonous Vapours     Pois/Air       48%        N/A       4%          2
c - Blink                 Tloc           12%        N/A       16%         2
d - Olgreb's Toxic Radia  Pois           30%        N/A       21%         4

Your spell library contained the following spells:

 Spells                   Type           Power      Damage    Failure   Level
 Lesser Beckoning         Tloc           12%        N/A       16%         2
 Mephitic Cloud           Conj/Pois/Air  17%        N/A       17%         3
 Momentum Strike          Conj/Tloc      8%         3d8       21%         2


Dungeon Overview and Level Annotations

Branches:
Dungeon (5/15)             Temple (1/1) D:4

Altars:
Cheibriados
Dithmenos
Gozag
Hepliaklqana
Kikubaaqudgha
Qazlal
Ru
Sif Muna
Trog
Uskayaw

Shops:
D:4 *

Annotations:
D:1 exclusion: gnoll
D:3 Grinder
D:5 Menkaure


Innate Abilities, Weirdness & Mutations

You can breathe waves of freezing cold which knock back foes.
Your icy white scales are hard. (AC +6)
You cannot fit into any form of body armour.
Your flesh is cold resistant. (rC+)
You are cold-blooded and may be slowed by cold attacks.


Message History

Kikubaaqudgha accepts your kill.
You feel a bit more experienced.
You kill the gnoll!
Kikubaaqudgha accepts your kill.
Your Evocations skill increases to level 2!
Menkaure mumbles some strange words.
Menkaure seems to speed up.
You kill the gnoll!
Kikubaaqudgha accepts your kill.
Menkaure calls on the powers of darkness!
Your body is wracked with pain!
Kikubaaqudgha accepts your kill.
You feel a bit more experienced.
There is an escape hatch in the floor here.
You see here a +0 giant spiked club.
Casting: Olgreb's Toxic Radiance (quite dangerous; 21% risk of failure)
Confirm with . or Enter, or press ? or * to list all spells.
Okay, then.
You aren't carrying any items that you can evoke.
Okay, then.
Okay, then.
Casting: Olgreb's Toxic Radiance (quite dangerous; 21% risk of failure)
Confirm with . or Enter, or press ? or * to list all spells.
Okay, then.
Menkaure calls on the powers of darkness!
Your body is wracked with pain!
Menkaure murmurs in an indecipherable tongue.
Menkaure calls on the powers of darkness!
Your body is wracked with pain!
* * * LOW HITPOINT WARNING * * *
Things that are here:
a +2 falchion of freezing; an orc skeleton Menkaure calls on the powers of darkness!
Your body is wracked with pain!
* * * LOW HITPOINT WARNING * * *
Menkaure breathes soot at you.
Menkaure gestures at you while chanting.
Pain shoots through your body!
You die...
Kikubaaqudgha rasps: "You have failed me!
Welcome... death!"

##.###### #.# #.# #.#
##.# ##### ...#
####...# #### #####
##......#
#...########...#...#
#...M.)..@...<.##.##
###...########...##[#
#.....# ######.#
#.##.## #.# #.####
#.# #M##### #######
#.#
######.#...###.....#
#.###
>....#..###..#.....#
###...# ..M.)..##
##.......# #.....#


You could see Menkaure (fast).

Vanquished Creatures
  2 ogres
  A phantom (D:5)
  2 hounds
  A jelly (D:5)
  A gnoll bouda (D:5)
  An iguana (D:4)
  A sleepcap (D:5)
  4 adders
  4 gnolls (D:5)
  4 worms
  4 dart slugs
  13 orcs
  7 ball pythons
  4 endoplasms
  A giant cockroach (D:2)
  3 goblins
  10 hobgoblins
  6 jackals
  3 quokkas
  5 bats
  A frilled lizard (D:2)
  5 kobolds
  A rat (D:1)
84 creatures vanquished.

Vanquished Creatures (others)
  115 plants
115 creatures vanquished.

Grand Total: 199 creatures vanquished

Notes
Turn   | Place    | Note
-------+----------+-------------------------------------------
     0 | D:1      | PublicAnimeNo1 the Draconian Venom Mage began the quest for
                  | the Orb.
     0 | D:1      | Reached XP level 1. HP: 14/14 MP: 3/3
   389 | D:1      | Reached skill level 1 in Fighting
   389 | D:1      | Reached XP level 2. HP: 23/23 MP: 1/5
   583 | D:1      | Learned a level 2 spell: Poisonous Vapours
   855 | D:1      | Reached XP level 3. HP: 27/28 MP: 0/6
  1251 | D:2      | Identified the +1 leather armour "Usaite" {Rampage rF+}
  1824 | D:2      | Reached XP level 4. HP: 33/36 MP: 1/7
  1828 | D:2      | Learned a level 2 spell: Blink
  2619 | D:3      | Noticed Grinder
  2631 | D:3      | Paralysed by something for 2 turns
  2639 | D:3      | Paralysed by something for 2 turns
  2692 | D:4      | Reached skill level 1 in Translocations
  2871 | D:4      | Reached skill level 4 in Poison Magic
  2871 | D:4      | Reached XP level 5. HP: 42/42 MP: 5/8
  2876 | D:4      | Learned a level 4 spell: Olgreb's Toxic Radiance
  2958 | D:4      | Found a staircase to the Ecumenical Temple.
  2980 | Temple   | Entered the Ecumenical Temple
  3037 | D:4      | Found a hazy altar of Hepliaklqana.
  3037 | D:4      | Noticed an ogre
  3050 | D:4      | Killed an ogre
  3051 | D:4      | Reached skill level 1 in Air Magic
  3288 | D:4      | Found Hoerch's General Store.
  3705 | D:4      | Reached XP level 6. HP: 51/51 MP: 6/10
  3935 | D:5      | Entered Level 5 of the Dungeon
  3963 | D:5      | Reached skill level 1 in Evocations
  4039 | D:5      | Noticed Menkaure
  4213 | D:5      | Found a shadowy altar of Dithmenos.
  4431 | D:5      | Found an ancient bone altar of Kikubaaqudgha.
  4432 | D:5      | Found a hide-covered altar of Uskayaw.
  4434 | D:5      | Became a worshipper of Kikubaaqudgha
  4754 | D:5      | Your scales start taking on an icy white colour.
  4754 | D:5      | Reached XP level 7. HP: 57/57 MP: 2/12
  4754 | D:5      | Gained mutation: Your flesh is cold resistant. (rC+) [White
                  | Draconian growth]
  5035 | D:5      | Killed from afar by Menkaure

Illustrated notes

Levels and vault maps discovered:
D:1:      roderic_crop_circles_arrival_large, layout_loops_ring
D:2:      layout_basic, minmay_unequal
D:3:      layout_basic, mainiacjoe_overflow_alcove_4, uniq_grinder
D:4:      layout_loops_corners, kennysheep_little_box,
          minmay_temple_entry_slanted, serial_shops, shop, serial_rivers,
          chequers_serial_rivers_micro_d, chequers_serial_rivers_small_b,
          chequers_serial_rivers_small_b, chequers_serial_rivers_micro_e,
          chequers_serial_rivers_micro_c, dreamdust_princess_bridge,
          nrook_mini_backslash
D:5:      layout_loops_cross, marbit_many_paths, nicolae_overflow_squiral,
          serial_bayou_crossing, uniq_menkaure
Temple:   hellmonk_temple_rainy

Skill      XL: |  1  2  3  4  5  6  7 |
---------------+----------------------+-----
Stealth        | 2 |  2.4
Fighting       | 1 2 3 |  3.2
Translocations | 1 |  1.0
Poison Magic   | 4 |  4.9
Spellcasting   | 3 |  3.7
Air Magic      | 1 2 |  2.6
Evocations     | 1 2 |  2.1
Dodging        | |  1.7
Transmutations | |  1.0

Action                     |  1- 3 |  4- 6 |  7- 9 || total
---------------------------+-------+-------+-------++-------
  Melee: Short sword       |    69 |    38 |       ||   107
         Unarmed           |     1 |       |       ||     1
         Tailslap          |    11 |    12 |       ||    23
         Punch             |     1 |     2 |       ||     3
         Staff             |       |    34 |       ||    34
         Dagger            |       |    19 |       ||    19
   Cast: Sting             |    46 |    64 |       ||   110
         Poisonous Vapours |     8 |    14 |       ||    22
         Blink             |       |     1 |       ||     1
         Olgreb's Toxic Ra |       |       |     1 ||     1
    Use: Scroll            |     2 |     8 |       ||    10
   Stab: Sleeping          |     2 |     1 |       ||     3
 Armour: Skin              |    27 |    42 |       ||    69
  Dodge: Dodged            |    58 |    76 |       ||   134

Table legend: (Time is in decaauts)
 A = Elapsed time spent in this place.
 B = Non-inter-level travel time spent in this place.
 C = Inter-level travel time spent in this place.
 D = Time resting spent in this place.
 E = Time spent auto-exploring this place.
 F = Levels seen in this place.
 G = Mean time per level.
                   A        B        C        D        E       F      G
               +--------+--------+--------+--------+--------+-----+--------+
         Total |   5059 |   4876 |    183 |    638 |   3333 |   6 |  843.2 |
       Dungeon |   5023 |   4853 |    170 |    638 |   3315 |   5 | 1004.6 |
        Temple |     35 |     22 |     13 |      0 |     18 |   1 |   35.0 |
               +--------+--------+--------+--------+--------+-----+--------+

Top non-repeatable levels by time:
     D:4: 1259 daAuts
     D:2: 1229 daAuts
     D:5: 1109 daAuts
     D:1: 1029 daAuts
     D:3: 396 daAuts
  Temple: 35 daAuts
